 Dungeon Crawl Stone Soup version 0.18.1-48-g4cf74bf (webtiles) character file.

129 kobby the Skirmisher (level 5, -6/42 HPs)
             Began as a Human Abyssal Knight on July 5, 2016.
             Was a Believer of Lugonu.
             Mangled by Natasha (7 damage)
             ... on level 3 of the Dungeon.
             The game lasted 00:11:22 (2441 turns).

kobby the Skirmisher (Human Abyssal Knight)         Turns: 2441, Time: 00:11:25

Health: -6/42      AC: 12    Str: 13    XL:     5   Next: 35%
Magic:  15/15      EV:  6    Int: 14    God:    Lugonu [**....]
Gold:   111        SH:  0    Dex: 11    Spells: 0 memorised, 4 levels left

rFire  . . .     SeeInvis .     g - +1 short sword (holy)
rCold  . . .     Gourm    .     h - +1 chain mail
rNeg   . . .     Faith    .     (no shield)
rPois  .         Spirit   .     (no helmet)
rElec  .         Dismiss  .     (no cloak)
rCorr  .         Reflect  .     (no gloves)
SustAt +         Harm     .     (no boots)
MR     .....                    (no amulet)
Stlth  ..........               m - ring of sustain attributes
                                k - ring of magical power

@: not resistant to hostile enchantments, extremely unstealthy
A: thin metallic scales 1, clever 1, clumsy 1
a: Depart the Abyss, Bend Space, Renounce Religion


You were on level 3 of the Dungeon.
You worshipped Lugonu.
Lugonu was pleased with you.
You were not hungry.

You visited 1 branch of the dungeon, and saw 3 of its levels.
You visited the Abyss 1 time.

You collected 111 gold pieces.

Inventory:

Hand Weapons
 a - a +2 falchion
 g - a +1 short sword of holy wrath (weapon)
Armour
 b - a +0 leather armour
 h - a +1 chain mail (worn)
Jewellery
 k - a ring of magical power (left hand)
 m - a ring of sustain attributes (right hand)
Scrolls
 d - a scroll of identify
Comestibles
 c - 2 bread rations


   Skills:
 + Level 3.7 Fighting
 + Level 1.1(2.1) Short Blades
 * Level 2.8(3.0) Long Blades
 + Level 3.0 Armour
 + Level 2.3 Dodging
 + Level 2.0 Invocations


You had 4 spell levels left.
You didn't know any spells.

Dungeon Overview and Level Annotations

Branches:
Dungeon (3/15)

Altars:

Annotations:
D:3 Grinder, Natasha


Innate Abilities, Weirdness & Mutations

You are partially covered in thin metallic scales (AC +2).
Your mind is acute. (Int +2)
You are clumsy. (Dex -2)


Message History

Grinder hits you.
You writhe in agony.
You hit Grinder.
Grinder convulses.
Grinder is moderately wounded.
Grinder barely misses you.
You closely miss Grinder.
Grinder is moderately wounded.
Grinder hits you but does no damage. Natasha barely misses you.
You closely miss Grinder.
Grinder is moderately wounded.
Grinder hits you.
You writhe in agony.
Natasha claws you.
* * * LOW HITPOINT WARNING * * *
You aren't carrying any potions.
You hit Grinder.
Grinder convulses.
Grinder is heavily wounded.
Grinder hits you!
* * * LOW HITPOINT WARNING * * *
You writhe in agony.
* * * LOW HITPOINT WARNING * * *
Natasha claws you!
You die...

#.....#.##.##.# #
#.#...#.##.##.####
#
#.....#..†.......#
###.######.#.###.#
#..<...# #...# #.#
#......# ###.###.#
#......# #.....#
#..h...# ###.###
#..@...# #....#
#.5....# #.####
#.......# #
#.####### #. . .
..


You could see Grinder and Natasha.

Vanquished Creatures
  An orc priest (D:2)
  Ijyb (D:3)
  2 adders
  3 dart slugs (D:1)
  A giant gecko (D:1)
  5 orcs
  4 bats
  A giant cockroach (D:3)
  3 goblins
  2 hobgoblins (D:1)
  6 jackals
  2 quokkas (D:2)
  6 giant newts
  5 kobolds
  4 rats
46 creatures vanquished.

Vanquished Creatures (others)
  A lurking horror (Abyss:1)
1 creature vanquished.

Grand Total: 47 creatures vanquished

Notes
Turn   | Place    | Note
--------------------------------------------------------------
     0 | Abyss:1  | kobby the Human Abyssal Knight began the quest for the Orb.
     0 | Abyss:1  | Reached XP level 1. HP: 18/18 MP: 2/2
    59 | Abyss:1  | Noticed a flayed ghost
    79 | D:1      | Escaped the Abyss
   488 | D:1      | Reached XP level 2. HP: 23/24 MP: 3/3
   556 | D:1      | Reached * piety under Lugonu
   751 | D:1      | Reached XP level 3. HP: 29/29 MP: 4/4
  1385 | D:2      | Gained mutation: You have sharp toenails. [potion of mutation]
  1385 | D:2      | Gained mutation: You are partially covered in thin metallic scales (AC +2). [potion of mutation]
  1385 | D:2      | Lost mutation: You have sharp toenails. [potion of mutation]
  1386 | D:2      | Gained mutation: You are clumsy. (Dex -2) [potion of mutation]
  1386 | D:2      | Gained mutation: Your mind is acute. (Int +2) [potion of mutation]
  1656 | D:2      | Reached XP level 4. HP: 35/35 MP: 5/5
  1663 | D:3      | Noticed Ijyb
  1723 | D:3      | Killed Ijyb
  1767 | D:3      | Reached ** piety under Lugonu
  1866 | D:3      | Noticed Natasha
  1889 | D:3      | Noticed Grinder
  2074 | D:2      | Reached XP level 5. HP: 26/41 MP: 6/6
  2187 | D:3      | Paralysed by Grinder for 3 turns
  2195 | D:2      | Reached skill level 1 in Short Blades
  2302 | D:3      | Paralysed by Grinder for 6 turns
  2426 | D:3      | Paralysed by Grinder for 4 turns
  2441 | D:3      | HP: 1/42 [Grinder (3)]
  2441 | D:3      | Mangled by Natasha

Skill      XL: |  1  2  3  4  5 |
---------------+----------------+-----
Dodging        | 2 |  2.3
Short Blades   | 1 |  1.1
Armour         | 3 |  3.0
Fighting       | |  3.7
Long Blades    | |  2.8
Invocations    | |  2.0

Action                   |  1- 3 |  4- 6 || total
-------------------------+-------+-------++-------
Melee: Falchion          |    40 |    16 ||    56
       Short sword       |    77 |    85 ||   162
Invok: Depart the Abyss  |     1 |       ||     1
  Use: Scroll            |     8 |     1 ||     9
       Potion            |     6 |       ||     6
  Eat: Bread ration      |     1 |     1 ||     2
Armor: Leather armour    |    12 |       ||    12
       Chain mail        |    45 |    72 ||   117
Dodge: Dodged            |    41 |    40 ||    81
